PR
LONG ISLAND DUCKS @ FORT KNOX CENTENNIAL
08/03/2045
 
TOP OF THE 1ST
Long Island Ducks batting - Pitching for Fort Knox Centennial : RHP Héctor Garza
Pitching: RHP Héctor Garza
Batting: LHB Ray Hill 0-0: Ball
1-0: Called Strike
1-1: Foul Ball, location: 2F
1-2: Ball
2-2: Ball
3-2: Foul Ball, location: 2F
3-2: SINGLE (Groundball, 6MD, EV 105.6 MPH)
Batting: SHB Fernando Delgado 0-0: Ball
1-0: Ball
2-0: Ball
3-0: Called Strike
3-1: Called Strike
3-2: Base on Balls
Ray Hill to second
Batting: LHB Esteban Burr 0-0: Foul Ball, location: 2F
0-1: Ball
1-1: Called Strike
1-2: Foul Ball, location: 2F
1-2: Ball
2-2: Foul Ball, location: 2F
2-2: Ball
3-2: Base on Balls
Ray Hill to third
Fernando Delgado to second
Batting: LHB Hambleton Oliver 0-0: Fielders Choice at 2nd, 6-4 (Groundball, 6, EV 83.1 MPH)
Ray Hill scores
Fernando Delgado to third
Batting: RHB Rolf Pauw 0-0: Ball
1-0: Called Strike
1-1: Called Strike
1-2: Ball
Hambleton Oliver steals 2nd base
2-2: Fly out, F9 (Flyball, 9D, EV 76.9 MPH)
Runner from 3rd tags up, SCORES, no throw by RF
Batting: RHB Javier Ruíz 0-0: Ground out 6-3 (Groundball, 6, EV 90.6 MPH)
Top of the 1st over - 2 runs, 1 hit, 0 errors, 1 left on base; Long Island 2 - Fort Knox 0
BOTTOM OF THE 1ST
Fort Knox Centennial batting - Pitching for Long Island Ducks : LHP Raúl Fuentes
Pitching: LHP Raúl Fuentes
Batting: RHB Seppo Kimmonen 0-0: Swinging Strike
0-1: Ground out 5-3 (Groundball, 56, EV 84.4 MPH)
Batting: RHB Alfredo Díaz 0-0: Ball
1-0: Called Strike
1-1: Ball
2-1: Foul Ball, location: 2F
2-2: Fly out, F9 (Flyball, 9LS, EV 90.0 MPH)
Batting: RHB Chris Bruce 0-0: Foul Ball, location: 2F
0-1: Foul Ball, location: 2F
0-2: Ball
1-2: Foul Ball, location: 2F
1-2: Strikes out looking
Bottom of the 1st over - 0 runs, 0 hits, 0 errors, 0 left on base; Long Island 2 - Fort Knox 0
TOP OF THE 2ND
Long Island Ducks batting - Pitching for Fort Knox Centennial : RHP Héctor Garza
Batting: RHB Wayne Newman 0-0: Called Strike
0-1: Swinging Strike
0-2: Ball
1-2: Foul Ball, location: 2F
1-2: Strikes out swinging
Batting: RHB Shawn Joyner 0-0: Bunt missed!
0-1: Ball
1-1: Foul Ball, location: 2F
1-2: Foul Ball, location: 2F
1-2: Ball
2-2: Ball
3-2: Foul Ball, location: 2F
3-2: Strikes out swinging
Batting: RHB Júlio Saucedo 0-0: Ball
1-0: SINGLE (Line Drive, 34, EV 96.9 MPH)
Batting: LHB Ray Hill 0-0: Ball
1-0: DOUBLE (Groundball, 3L, EV 100.6 MPH)
Júlio Saucedo to third
Runner from 3rd tries for Home, SAFE, throw by RF to home
Batting: SHB Fernando Delgado 0-0: Foul Ball, location: 2F
0-1: Ball
1-1: Called Strike
1-2: Ball
2-2: Strikes out swinging
Top of the 2nd over - 1 run, 2 hits, 0 errors, 1 left on base; Long Island 3 - Fort Knox 0
BOTTOM OF THE 2ND
Fort Knox Centennial batting - Pitching for Long Island Ducks : LHP Raúl Fuentes
Batting: RHB Clint Kennedy 0-0: Called Strike
0-1: Ball
1-1: Swinging Strike
1-2: Ball
2-2: Strikes out swinging
Batting: RHB Raúl Gutiérrez 0-0: Called Strike
0-1: Foul Ball, location: 2F
0-2: Foul Ball, location: 2F
0-2: Fly out, F9 (Line Drive, 9, EV 103.1 MPH)
Batting: RHB Santiago Fuentes 0-0: Foul Ball, location: 2F
0-1: Foul Ball, location: 2F
0-2: Ball
1-2: Ball
2-2: Foul Ball, location: 2F
2-2: Fly out, F8 (Flyball, 8RXD, EV 96.2 MPH)
Bottom of the 2nd over - 0 runs, 0 hits, 0 errors, 0 left on base; Long Island 3 - Fort Knox 0
TOP OF THE 3RD
Long Island Ducks batting - Pitching for Fort Knox Centennial : RHP Héctor Garza
Batting: LHB Esteban Burr 0-0: Ball
1-0: Ball
2-0: Ball
3-0: Foul Ball, location: 2F
3-1: Swinging Strike
3-2: Base on Balls
Batting: LHB Hambleton Oliver 0-0: Fly out, F7 (Flyball, 7D, EV 100.0 MPH)
Batting: RHB Rolf Pauw 0-0: Fly out, F9 (Line Drive, 9D, EV 93.8 MPH)
Batting: RHB Javier Ruíz 0-0: Called Strike
0-1: Ball
1-1: Ball
2-1: Fielders Choice at 2nd, 6-4 (Groundball, 6, EV 87.5 MPH)
Top of the 3rd over - 0 runs, 0 hits, 0 errors, 1 left on base; Long Island 3 - Fort Knox 0
BOTTOM OF THE 3RD
Fort Knox Centennial batting - Pitching for Long Island Ducks : LHP Raúl Fuentes
Batting: RHB Guenther Steiner 0-0: Hit by Pitch
Batting: RHB Derek Tyerman 0-0: Called Strike
0-1: Ball
1-1: Foul Ball, location: 2F
1-2: Ball
2-2: Foul Ball, location: 2F
2-2: Ball
3-2: Foul Ball, location: 2F
3-2: SINGLE (Groundball, 6, EV 98.1 MPH)
Guenther Steiner to second
Batting: LHB Carlos Delgard 0-0: Swinging Strike
0-1: Ball
1-1: Called Strike
1-2: Strikes out swinging
Batting: RHB Seppo Kimmonen 0-0: Ball
1-0: Swinging Strike
1-1: Ball
2-1: Fielders Choice at 2nd, 6-4 (Groundball, 6M, EV 80.0 MPH)
Guenther Steiner to third
Batting: RHB Alfredo Díaz 0-0: Called Strike
0-1: Swinging Strike
0-2: Ball
Wild Pitch!
Guenther Steiner scores
Seppo Kimmonen to second
1-2: Strikes out swinging, 2-3 out at first.
Bottom of the 3rd over - 1 run, 1 hit, 0 errors, 1 left on base; Long Island 3 - Fort Knox 1
TOP OF THE 4TH
Long Island Ducks batting - Pitching for Fort Knox Centennial : RHP Héctor Garza
Batting: RHB Wayne Newman 0-0: Foul Ball, location: 2F
0-1: Called Strike
0-2: Ball
1-2: Strikes out swinging, 2-3 out at first.
Batting: RHB Shawn Joyner 0-0: Ball
1-0: Foul Ball, location: 2F
1-1: Ground out U3 (Groundball, 3, EV 85.6 MPH)
Batting: RHB Júlio Saucedo 0-0: Ground out 5-3 (Groundball, 5, EV 88.8 MPH)
Top of the 4th over - 0 runs, 0 hits, 0 errors, 0 left on base; Long Island 3 - Fort Knox 1
BOTTOM OF THE 4TH
Fort Knox Centennial batting - Pitching for Long Island Ducks : LHP Raúl Fuentes
Batting: RHB Chris Bruce 0-0: Ball
1-0: Ball
2-0: Ball
3-0: Base on Balls
Batting: RHB Clint Kennedy 0-0: Foul Ball, location: 2F
0-1: Foul Ball, location: 2F
0-2: Strikes out swinging
Batting: RHB Raúl Gutiérrez 0-0: Ball
1-0: Ball
2-0: Ground out 6-3 (Groundball, 6S, EV 63.1 MPH)
Chris Bruce to second
Batting: RHB Santiago Fuentes 0-0: Called Strike
0-1: Foul Ball, location: 2F
0-2: Ball
1-2: Strikes out looking
Bottom of the 4th over - 0 runs, 0 hits, 0 errors, 1 left on base; Long Island 3 - Fort Knox 1
TOP OF THE 5TH
Long Island Ducks batting - Pitching for Fort Knox Centennial : RHP Héctor Garza
Batting: LHB Ray Hill 0-0: Ball
1-0: Foul Ball, location: 2F
1-1: Swinging Strike
1-2: Ball
2-2: Strikes out swinging
Batting: SHB Fernando Delgado 0-0: SINGLE (Groundball, 6M, EV 103.8 MPH) (infield hit)
Batting: LHB Esteban Burr 0-0: Called Strike
Fernando Delgado is caught stealing 2nd base 2-6
0-1: Ground out 4-3 (Groundball, 4, EV 106.9 MPH)
Top of the 5th over - 0 runs, 1 hit, 0 errors, 0 left on base; Long Island 3 - Fort Knox 1
BOTTOM OF THE 5TH
Fort Knox Centennial batting - Pitching for Long Island Ducks : LHP Raúl Fuentes
Batting: RHB Guenther Steiner 0-0: Ball
1-0: Ball
2-0: Fly out, F9 (Flyball, 9, EV 91.2 MPH)
Batting: RHB Derek Tyerman 0-0: Ball
1-0: SINGLE (Line Drive, 6MD, EV 98.8 MPH)
Batting: LHB Carlos Delgard 0-0: Fly out, F9 (Line Drive, 9, EV 86.2 MPH)
Batting: RHB Seppo Kimmonen 0-0: Fly out, F6 (Flyball, 6D, EV 81.2 MPH)
Bottom of the 5th over - 0 runs, 1 hit, 0 errors, 1 left on base; Long Island 3 - Fort Knox 1
TOP OF THE 6TH
Long Island Ducks batting - Pitching for Fort Knox Centennial : RHP Héctor Garza
Batting: LHB Hambleton Oliver 0-0: Called Strike
0-1: Ball
1-1: Called Strike
1-2: Foul Ball, location: 2F
1-2: Fly out, F8 (Flyball, 8LM, EV 94.4 MPH)
Batting: RHB Rolf Pauw 0-0: Ball
1-0: Swinging Strike
1-1: Fly out, F8 (Flyball, 89M, EV 89.4 MPH)
Batting: RHB Javier Ruíz 0-0: Called Strike
0-1: Foul Ball, location: 2F
0-2: Ball
1-2: Ball
2-2: Foul Ball, location: 2F
2-2: Foul Ball, location: 2F
2-2: Foul Ball, location: 2F
2-2: Foul Ball, location: 2F
2-2: Foul Ball, location: 2F
2-2: Fly out, F8 (Flyball, 8RXD, EV 99.4 MPH)
Top of the 6th over - 0 runs, 0 hits, 0 errors, 0 left on base; Long Island 3 - Fort Knox 1
BOTTOM OF THE 6TH
Fort Knox Centennial batting - Pitching for Long Island Ducks : LHP Raúl Fuentes
Batting: RHB Alfredo Díaz 0-0: Ball
1-0: Ground out 5-3 (Groundball, 5L, EV 86.2 MPH)
Batting: RHB Chris Bruce 0-0: Foul Ball, location: 2F
0-1: Ball
1-1: Called Strike
1-2: Ball
2-2: Ball
3-2: Foul Ball, location: 2F
3-2: Fly out, F7 (Flyball, 78D, EV 89.4 MPH)
Batting: RHB Clint Kennedy 0-0: Ball
1-0: SINGLE (Groundball, 4MD, EV 110.0 MPH)
Batting: RHB Raúl Gutiérrez 0-0: Ball
1-0: Ball
2-0: 2-RUN HOME RUN (Line Drive, 9LD, EV 91.9 MPH), Distance : 341 ft
Batting: RHB Santiago Fuentes 0-0: Ball
1-0: Foul Ball, location: 2F
1-1: Swinging Strike
1-2: Strikes out swinging
Bottom of the 6th over - 2 runs, 2 hits, 0 errors, 0 left on base; Long Island 3 - Fort Knox 3
TOP OF THE 7TH
Long Island Ducks batting - Pitching for Fort Knox Centennial : RHP Héctor Garza
Pitching: RHP César Pinto
Batting: RHB Wayne Newman 0-0: Called Strike
0-1: Ball
1-1: Swinging Strike
1-2: Ball
2-2: Ball
3-2: Strikes out swinging
Batting: RHB Shawn Joyner 0-0: Called Strike
0-1: Ground out 6-3 (Groundball, 56, EV 110.0 MPH)
Batting: RHB Júlio Saucedo 0-0: Called Strike
0-1: Swinging Strike
0-2: Strikes out swinging passed ball, reaches first!
Batting: LHB Ray Hill 0-0: Ball
1-0: Foul Ball, location: 2F
1-1: Ground out 4-3 (Groundball, 4, EV 81.9 MPH)
Top of the 7th over - 0 runs, 0 hits, 0 errors, 1 left on base; Long Island 3 - Fort Knox 3
BOTTOM OF THE 7TH
Fort Knox Centennial batting - Pitching for Long Island Ducks : LHP Raúl Fuentes
Batting: RHB Guenther Steiner 0-0: SINGLE (Flyball, 6MD, EV 93.8 MPH)
Batting: RHB Derek Tyerman 0-0: Called Strike
0-1: Ball
1-1: Foul Ball, location: 2F
1-2: Ball
2-2: Strikes out swinging
Batting: LHB Carlos Delgard 0-0: Ball
1-0: Fielders Choice at 2nd, 4-6 (Groundball, 4, EV 103.1 MPH)
Batting: RHB Seppo Kimmonen 0-0: Ball
1-0: Ball
2-0: Called Strike
2-1: Foul Ball, location: 2F
2-2: Strikes out looking
Bottom of the 7th over - 0 runs, 1 hit, 0 errors, 1 left on base; Long Island 3 - Fort Knox 3
TOP OF THE 8TH
Long Island Ducks batting - Pitching for Fort Knox Centennial : RHP César Pinto
Batting: SHB Fernando Delgado 0-0: Called Strike
0-1: SINGLE (Groundball, 6D, EV 100.0 MPH)
Batting: LHB Esteban Burr 0-0: Fly out, F6 (Popup, 6, EV 55.6 MPH)
Batting: LHB Hambleton Oliver 0-0: Called Strike
0-1: Swinging Strike
0-2: Ball
1-2: Ball
2-2: Ball
3-2: Strikes out swinging
Batting: RHB Rolf Pauw 0-0: Swinging Strike
0-1: Called Strike
0-2: Ball
1-2: Foul Ball, location: 2F
1-2: SINGLE (Groundball, 6MD, EV 95.0 MPH)
Fernando Delgado to second
Batting: RHB Javier Ruíz 0-0: Ball
1-0: Ball
2-0: Swinging Strike
2-1: Swinging Strike
2-2: Strikes out swinging
Top of the 8th over - 0 runs, 2 hits, 0 errors, 2 left on base; Long Island 3 - Fort Knox 3
BOTTOM OF THE 8TH
Fort Knox Centennial batting - Pitching for Long Island Ducks : LHP Raúl Fuentes
Batting: RHB Alfredo Díaz 0-0: Foul Ball, location: 2F
0-1: Called Strike
0-2: Ball
1-2: Foul Ball, location: 2F
1-2: Strikes out looking
Pitching: RHP Larry Ayala
Batting: RHB Chris Bruce 0-0: Foul Ball, location: 2F
0-1: Ball
1-1: Ball
2-1: Foul Ball, location: 2F
2-2: Ball
3-2: Ground out 4-3 (Groundball, 4MS, EV 84.4 MPH)
Pinch Hitting: SHB Cai-fei Zang 0-0: Ball
1-0: Foul Ball, location: 2F
1-1: Foul Ball, location: 2F
1-2: Strikes out swinging
Bottom of the 8th over - 0 runs, 0 hits, 0 errors, 0 left on base; Long Island 3 - Fort Knox 3
TOP OF THE 9TH
Long Island Ducks batting - Pitching for Fort Knox Centennial : RHP César Pinto
Now in RF: Cai-fei Zang
Batting: RHB Wayne Newman 0-0: Called Strike
0-1: Ball
1-1: Ball
2-1: Called Strike
2-2: Foul Ball, location: 2F
2-2: Strikes out looking
Batting: RHB Shawn Joyner 0-0: Ball
1-0: Ball
2-0: Ground out 5-3 (Groundball, 56, EV 86.2 MPH)
Pinch Hitting: LHB Carlos Rodríguez 0-0: Ball
1-0: Ball
2-0: Ball
3-0: Called Strike
3-1: Foul Ball, location: 2F
3-2: Base on Balls
Pitching: RHP Alfredo Lugo
Batting: LHB Ray Hill 0-0: Ball
1-0: Called Strike
Carlos Rodríguez is caught stealing 2nd base 2-6
Top of the 9th over - 0 runs, 0 hits, 0 errors, 0 left on base; Long Island 3 - Fort Knox 3
BOTTOM OF THE 9TH
Fort Knox Centennial batting - Pitching for Long Island Ducks : RHP Larry Ayala
Pitching: RHP Larry Wilson
Now at 1B: Ramón Ramírez
Batting: RHB Raúl Gutiérrez 0-0: Ball
1-0: Ball
2-0: Foul Ball, location: 2F
2-1: Ball
3-1: Foul Ball, location: 2F
3-2: Foul Ball, location: 2F
3-2: Foul Ball, location: 2F
3-2: Strikes out swinging
Pinch Hitting: LHB Vincente Cabrera 0-0: Called Strike
0-1: Swinging Strike
0-2: Ball
1-2: Strikes out looking
Pinch Hitting: SHB Esteban Mogollón 0-0: Called Strike
0-1: Called Strike
0-2: Foul Ball, location: 2F
0-2: Ball
1-2: Foul Ball, location: 2F
1-2: Foul Ball, location: 2F
1-2: Ball
2-2: Ball
3-2: Foul Ball, location: 2F
3-2: SOLO HOME RUN (Flyball, 89XD, EV 100.6 MPH), Distance : 389 ft
Bottom of the 9th over - 1 run, 1 hit, 0 errors, 0 left on base; Long Island 3 - Fort Knox 4
Game Over ... Fort Knox defeats Long Island, 4 to 3
Wednesday, July 27th , 2022 - OOTP Baseball 22.12 Build 89